Map: Pillars of Gold LE

Players

Nano - Winner!

  • Race: Protoss Protoss
  • League: Silver
  • Spawn Location: 1:00

Antlears

  • Race: Protoss Protoss
  • Spawn Location: 7:00

VOD

Have the link to the VOD?

Description

Time

  • Played on: March 20, 2021, 11:03 p.m.
  • Length: 20:22
Show
View Real Time Build Order
Export as new Build Order

Nano Protoss - Winner!

Build Orders:  

Get SALT Encoding   

  12  0:08  Pylon  
  12  0:13  Probe (Chrono Boost)  
  13  0:23  Probe (Chrono Boost)  
  14  0:32  Gateway  
  14  0:35  Probe  
  15  0:47  Probe  
  15  0:49  Assimilator  
  16  0:59  Probe  
  17  1:05  Pylon  
  17  1:22  Cybernetics Core  
  17  1:25  Forge  
  17  1:32  Assimilator  
  17  1:34  Probe (Chrono Boost)  
  18  1:45  Probe (Chrono Boost)  
  19  1:50  Gateway  
  19  1:56  Warp Gate (Chrono Boost)  
  19  2:09  Photon Cannon  
  19  2:23  Photon Cannon  
  19  2:30  Protoss Ground Weapons Level 1  
  19  2:50  Stalker  
  21  3:05  Pylon  
  21  3:09  Probe  
  22  3:21  Probe  
  22  3:24  Photon Cannon  
  23  3:27  Twilight Council  
  23  3:33  Photon Cannon  
  23  3:36  Probe (Chrono Boost)  
  24  3:46  Probe (Chrono Boost)  
  25  3:49  Stalker  
  25  3:50  Stalker  
  25  3:51  Probe (Chrono Boost)  
  30  4:25  Stalker  
  30  4:29  Nexus  
  30  4:30  Sentry  
  34  4:36  Assimilator  
  34  4:41  Pylon  
  34  5:03  Protoss Ground Weapons Level 2 (Chrono Boost)  
  34  5:15  Probe  
  35  5:25  Stalker  
  35  5:26  Stalker  
  35  5:27  Probe  
  40  5:40  Gateway  
  40  5:42  Probe (Chrono Boost)  
  42  5:43  Probe (Chrono Boost)  
  42  5:52  Probe (Chrono Boost)  
  42  5:54  Probe (Chrono Boost)  
  44  5:58  Assimilator  
  44  6:04  Probe (Chrono Boost)  
  46  6:06  Probe (Chrono Boost)  
  46  6:12  Stalker  
  46  6:15  Probe (Chrono Boost)  
  46  6:17  Stalker  
  51  6:21  Probe (Chrono Boost)  
  52  6:26  Probe (Chrono Boost)  
  54  6:35  Pylon  
  54  6:36  Probe x2 (Chrono Boost)  
  55  6:42  Probe  
  55  6:43  Stalker  
  58  6:49  Stalker  
  60  6:54  Probe  
  61  7:05  Photon Cannon  
  61  7:08  Photon Cannon  
  61  7:12  Photon Cannon  
  61  7:15  Stalker  
  63  7:23  Robotics Facility  
  63  7:26  Blink  
  63  7:42  Gateway  
  63  7:58  Protoss Ground Weapons Level 3 (Chrono Boost)  
  63  8:09  Stalker x2  
  63  8:10  Stalker  
  69  8:18  Pylon  
  69  8:19  Pylon  
  69  8:42  Sentry x4  
  71  9:11  Pylon  
  65  9:25  Stalker x4  
  59  10:02  Stalker x4  
  61  10:44  Stalker  
  61  10:45  Stalker x3  
  65  11:14  Stalker x4  
  68  11:57  Stalker  
  68  11:58  Stalker x3  
  64  12:30  Stalker x4  
  62  13:13  Stalker x4  
  62  13:45  Stalker  
  62  13:46  Stalker x3  
  46  14:10  Gateway  
  46  14:11  Gateway  
  46  14:13  Gateway  
  44  14:23  Zealot  
  44  14:24  Zealot x3  
  46  14:40  Protoss Shields Level 1  
  46  14:46  Immortal (Chrono Boost)  
  46  14:52  Robotics Bay  
  50  14:58  Zealot x3  
  50  14:59  Zealot  
  58  15:09  Zealot x3  
  64  15:18  Immortal (Chrono Boost)  
  64  15:19  Pylon  
  64  15:20  Zealot  
  64  15:21  Zealot x3  
  76  15:29  Charge  
  76  15:54  Colossus (Chrono Boost)  
  82  16:06  Extended Thermal Lance (Chrono Boost)  
  82  16:20  Robotics Facility  
  82  16:27  Zealot x3  
  82  16:28  Zealot x3  
  94  16:40  Nexus  
  94  16:47  Pylon  
  94  16:52  Pylon  
  94  17:05  Colossus  
  94  17:07  Assimilator  
  100  17:12  Assimilator  
  100  17:13  Zealot  
  102  17:17  Sentry  
  102  17:18  Sentry  
  106  17:43  Stalker x2  
  110  17:53  Stalker  
  110  17:56  Stalker  
  114  17:58  Colossus (Chrono Boost)  
  114  18:01  Probe (Chrono Boost)  
  121  18:07  Sentry x2  
  125  18:28  Pylon  
  125  18:45  Colossus (Chrono Boost)  
  125  18:46  Probe  
  133  18:49  Observer (Chrono Boost)  
  127  19:36  Stalker  
  127  19:37  Stalker x2  
  133  19:43  Pylon  
  133  19:44  Pylon  
  119  19:45  Pylon  
  109  20:09  Zealot x2  
  109  20:10  Zealot x4  
  109  20:11  Zealot  
Show
View Real Time Build Order
Export as new Build Order

Antlears Protoss 

Build Orders:  

Get SALT Encoding   

  12  0:01  Probe  
  13  0:13  Probe  
  14  0:20  Pylon  
  14  0:30  Probe  
  15  0:42  Probe  
  16  0:46  Gateway  
  16  0:54  Probe  
  17  0:58  Assimilator  
  17  1:07  Probe  
  18  1:19  Probe  
  19  1:31  Probe (Chrono Boost)  
  20  1:43  Probe (Chrono Boost)  
  21  1:48  Probe (Chrono Boost)  
  22  1:57  Probe  
  23  2:03  Cybernetics Core  
  23  2:13  Pylon  
  23  2:26  Nexus  
  23  2:40  Adept  
  23  2:42  Warp Gate (Chrono Boost)  
  25  2:53  Pylon  
  25  3:02  Assimilator  
  25  3:12  Robotics Facility  
  25  3:22  Probe  
  26  3:34  Probe  
  27  3:37  Pylon  
  27  3:40  Pylon  
  27  3:45  Probe (Chrono Boost)  
  27  3:46  Probe (Chrono Boost)  
  29  3:55  Gateway x2  
  29  3:58  Probe (Chrono Boost)  
  29  4:00  Immortal  
  35  4:03  Probe (Chrono Boost)  
  35  4:06  Probe (Chrono Boost)  
  35  4:09  Probe (Chrono Boost)  
  37  4:12  Probe  
  37  4:16  Pylon  
  38  4:21  Probe  
  39  4:24  Probe  
  40  4:33  Gateway  
  40  4:34  Gateway  
  40  4:36  Probe  
  41  4:41  Forge  
  41  4:43  Observer  
  42  5:04  Observer  
  42  5:05  Twilight Council  
  43  5:15  Probe  
  43  5:16  Probe  
  45  5:25  Protoss Ground Weapons Level 1 (Chrono Boost)  
  45  5:28  Probe x2  
  47  5:40  Probe x2  
  49  5:52  Probe  
  50  6:10  Templar Archives  
  50  6:12  Gateway  
  50  6:15  Gateway  
  50  6:17  Gateway  
  50  6:22  Sentry  
  52  6:43  Assimilator  
  52  6:48  Probe x2  
  54  7:00  Probe x2  
  56  7:07  Robotics Bay  
  56  7:10  High Templar x2  
  60  7:24  Protoss Ground Armor Level 1 (Chrono Boost)  
  60  7:33  Probe x2  
  62  7:41  Zealot x3  
  62  7:42  Zealot x2  
  62  7:43  Probe x2  
  74  7:51  Probe  
  74  7:52  Probe  
  76  8:00  Probe  
  77  8:17  Archon  
  77  8:21  Pylon  
  77  8:22  Pylon  
  77  8:24  Pylon  
  77  8:25  Pylon  
  77  8:26  Pylon  
  77  8:39  Immortal  
  81  8:45  Adept x3  
  81  8:46  Adept  
  71  9:18  Immortal  
  71  9:21  High Templar  
  71  9:22  High Templar x2  
  71  9:23  High Templar  
  83  9:26  Adept  
  83  9:27  Protoss Ground Weapons Level 2  
  83  9:29  Archon x2  
  61  10:00  Zealot x2  
  61  10:01  Zealot x5  
  61  10:02  Zealot  
  71  10:25  Immortal  
  75  10:30  High Templar  
  75  10:34  Zealot x2  
  75  10:35  Zealot x5  
  84  11:04  Immortal  
  88  11:19  High Templar  
  88  11:21  High Templar  
  88  11:27  Archon  
  72  12:01  Protoss Ground Armor Level 2  
  64  12:04  Zealot x3  
  64  12:05  Zealot x5  
  64  12:07  Charge (Chrono Boost)  
  62  12:27  Zealot x4  
  62  12:28  Zealot x4  
  55  12:37  Immortal  
  51  12:53  Zealot x4  
  51  12:54  Zealot x4  
  47  13:16  Immortal  
  51  13:30  Resonating Glaives (Chrono Boost)  
  51  13:31  Zealot  
  51  13:32  Zealot x6  
  51  13:33  Zealot  
  53  13:56  Immortal  
  53  14:01  Nexus  
  55  14:22  Psionic Storm  
  55  14:33  Protoss Ground Weapons Level 3 (Chrono Boost)  
  55  14:35  Immortal  
  59  15:01  Pylon  
  59  15:04  Pylon  
  59  15:11  Pylon  
  59  15:14  Immortal  
  63  15:47  High Templar x2  
  67  15:50  Nexus  
  67  15:52  Archon  
  67  16:16  Assimilator  
  67  16:31  High Templar  
  69  16:48  High Templar  
  69  16:53  Probe  
  72  17:06  Probe  
  73  17:12  Probe x2  
  75  17:18  Protoss Shields Level 1 (Chrono Boost), Probe  
  76  17:24  Probe  
  76  17:25  Probe  
  78  17:30  Probe  
  78  17:34  Assimilator  
  78  17:36  Probe  
  80  17:45  Pylon  
  80  17:47  Probe x2  
  80  17:48  Pylon, Probe  
  83  17:59  Probe x2  
  83  18:01  Probe  
  86  18:11  Probe  
  86  18:12  Probe  
  88  18:13  Shield Battery, Probe  
  89  18:22  Immortal  
  93  18:44  Assimilator  
  93  18:53  Probe (Chrono Boost)  
  95  18:59  Probe (Chrono Boost)  
  95  19:01  Immortal, Probe (Chrono Boost)  
  101  19:03  Probe (Chrono Boost)  
  101  19:06  Probe (Chrono Boost)  
  101  19:08  Probe (Chrono Boost)  
  58  19:28  Zealot x2  
  58  19:29  Zealot x6  
  36  19:49  Zealot  
  36  19:50  Zealot x5  
  36  19:51  Zealot x2  
  11  20:12  Zealot x2  
Tags
 
League
Silver
Matchup
PvP
Spawn Locations
Cross Positions
Add a new tag
Caveats
  • Supply blocks, unpowered buildings, or Contaminate may cause inaccurate times.
  • Supply counts are checked every 10 seconds.